 Dungeon Crawl Stone Soup version 0.29.1-12-g30fa7ad0bf (webtiles) character file.

Game seed: 8763440225382522836

23 hawla the Chiller (level 3, -2/26 HPs)
             Began as a Meteoran Ice Elementalist on Dec 15, 2022.
             Slain by a goblin
             ... wielding a +1 dagger of holy wrath
              (4 damage)
             ... on level 5 of the Dungeon.
             The game lasted 00:02:14 (360 turns).

hawla the Chiller (Meteoran Ice Elementalist)        Turns: 360, Time: 00:02:15

Health: -2/26      AC:  2    Str:  9    XL:     3   Next: 26%
Magic:  3/8        EV: 12    Int: 19    God:
Gold:   53         SH:  0    Dex: 14    Spells: 7/8 levels left

rFire   . . .      SeeInvis .   (no weapon)
rCold   . . .      Faith    .   (no shield)
rNeg    . . .      Spirit   .   a - +0 robe
rPois   .          Reflect  .   (no helmet)
rElec   .          Harm     .   (no cloak)
rCorr   .          Rampage  .   (no gloves)
Will    .....                   (no boots)
Stlth   +.........              (no amulet)
HPRegen 0.08/turn               (no ring)
MPRegen 0.11/turn               (no ring)

@: lethally poisoned (-2 -> -14), attractive, glowing
A: sense surroundings 1, otherworldly, glowing, explore regen
a: no special abilities


You were on level 5 of the Dungeon.
You visited 1 branch of the dungeon, and saw 5 of its levels.

You collected 53 gold pieces.

Inventory:

Armour
 a - a +0 robe (worn)
Jewellery
 i - a ring of fire
Potions
 b - a potion of magic


   Skills:
 + Level 2.5 Dodging
 - Level 1.4 Stealth
 + Level 3.1 Spellcasting
 + Level 5.0 Ice Magic


You had 7 spell levels left.
You knew the following spells:

 Your Spells              Type           Power      Damage    Failure   Level
a - Freeze                Ice            88%        1d10      1%          1

Your spell library contained the following spells:

 Spells                   Type           Power      Damage    Failure   Level
 Frozen Ramparts          Ice            44%        1d7       5%          3
 Ozocubu's Armour         Ice            22%        N/A       5%          3
 Hailstorm                Conj/Ice       12%        3d5       47%         4


Dungeon Overview and Level Annotations

Branches:
Dungeon (5/15) Zot: 2640
 Temple: D:4-7

Altars:
Yredelemnul

Annotations:
D:3 Grinder
D:4 Edmund


Innate Abilities, Weirdness & Mutations

You passively map a small area around you.
You are easily found by Zot.
You glow in the dark.
You regain HP and MP as you explore.


Message History

Aiming: Freeze (safe; 1% risk of failure)
Press: ? - help, Shift-Dir - straight line, f/p - worm
Aim: a worm (moderately wounded)
You freeze the worm!
The worm is severely wounded.
The goblin hits you with a +1 dagger of holy wrath.
* * * LOW HITPOINT WARNING * * *
A scorpion comes into view.
The scorpion is attracted toward you.
Casting: Freeze (safe; 1% risk of failure)
Confirm with . or Enter, or press ? or * to list all spells.
Aiming: Freeze (safe; 1% risk of failure)
Press: ? - help, Shift-Dir - straight line, f/p - worm
Aim: a worm (severely wounded)
You freeze the worm.
The worm is almost dead.
The worm misses you. The goblin misses you.
The scorpion is attracted toward you.
Casting: Freeze (safe; 1% risk of failure)
Confirm with . or Enter, or press ? or * to list all spells.
Aiming: Freeze (safe; 1% risk of failure)
Press: ? - help, Shift-Dir - straight line, f/p - worm
Aim: a worm (almost dead)
You freeze the worm.
You kill the worm!
The goblin barely misses you.
Unknown command.
Casting: Freeze (safe; 1% risk of failure)
Confirm with . or Enter, or press ? or * to list all spells.
Aiming: Freeze (safe; 1% risk of failure)
Press: ? - help, Shift-Dir - straight line, f - scorpion
Aim: a scorpion You freeze the scorpion.
The scorpion is moderately wounded.
The scorpion stings you.
* * * LOW HITPOINT WARNING * * *
You are lethally poisoned!
The scorpion poisons you!
The goblin hits you with a +1 dagger of holy wrath.
You die... , , , * * * * * * , , * * ,, ,, * * , * * * * * # * ###..#########. ยง.....s@g...... * ############### *

You could see a scorpion and a goblin.

Vanquished Creatures
  A worm (D:5)
  A dart slug (D:1)
  2 ball pythons
  2 endoplasms
  A giant cockroach (D:4)
  3 goblins
  A hobgoblin (D:2)
  A quokka (D:4)
  A bat (D:1)
  3 kobolds
16 creatures vanquished.

Notes
Turn   | Place    | Note
-------+----------+-------------------------------------------
     0 | D:1      | hawla the Meteoran Ice Elementalist began the quest for the
                  | Orb.
     0 | D:1      | Reached XP level 1. HP: 14/14 MP: 5/5
   108 | D:1      | Reached XP level 2. HP: 20/20 MP: 4/6
   284 | D:3      | Reached skill level 5 in Ice Magic
   290 | D:3      | Noticed Grinder
   305 | D:4      | Found a basalt altar of Yredelemnul.
   320 | D:4      | Reached XP level 3. HP: 9/26 MP: 6/8
   333 | D:4      | Noticed Edmund
   352 | D:5      | Entered Level 5 of the Dungeon
   357 | D:5      | Noticed a scorpion
   360 | D:5      | Slain by a goblin

Illustrated notes

Levels and vault maps discovered:
D:1:      nzn_arrival_settlement, layout_loops_ring, serial_shops, shop,
          chequers_decorated_corner
D:2:      minmay_chambers_of_ones, layout_basic,
          chequers_ecumenical_altar_lobes, uniq_terence, uniq_sigmund
D:3:      layout_basic, mainiacjoe_overflow_cross_hatched, serial_shops, shop,
          chequers_serial_rivers_small_a, corexii_hall_statues_i,
          uniq_crazy_yiuf_cottage, uniq_jessica, uniq_grinder
D:4:      layout_rooms, mainiacjoe_overflow_alcove_2, yredelemnul_altar_generic,
          nicolae_sif_muna_condensation, uniq_edmund, uniq_ijyb
D:5:      layout_loops_ring, serial_shops, kennysheep_mini_moat,
          uniq_blork_the_orc, uniq_duvessa, uniq_pikel

Skill      XL: |  1  2  3 |
---------------+----------+-----
Ice Magic      | 5 |  5.0
Spellcasting   | 3 |  3.1
Dodging        | |  2.5
Stealth        | |  1.4

Action                   || total
-------------------------++-------
 Cast: Freeze            ||    29
  Use: Scroll            ||     6
       Potion            ||     2
Armor: Robe              ||     3
Dodge: Dodged            ||    15
